 Dungeon Crawl Stone Soup version 0.30.0-15-g856e2d3f33 (webtiles) character file.

Game seed: 473113643291087687

110 hikkokomori the Digger (level 4, -2/27 HPs)
             Began as a Gargoyle Earth Elementalist on May 18, 2023.
             Slain by Grinder (7 damage)
             ... on level 3 of the Dungeon on May 19, 2023.
             The game lasted 00:05:34 (2014 turns).

hikkokomori the Digger (GrEE)                       Turns: 2014, Time: 00:05:35

Health: -2/27      AC: 13    Str: 14    XL:     4   Next: 91%
Magic:  7/7        EV: 10    Int: 18    God:
Gold:   106        SH:  0    Dex: 10    Spells: 3/7 levels left

rFire   . . .        q - +0 rapier (venom)
rCold   . . .        (no shield)
rNeg    + . .        s - +3 ring mail
rPois   ∞            (no helmet)
rElec   +            (no cloak)
rCorr   .            r - +1 pair of gloves {Str+3}
SInv    .            (no boots)
Will    .....        (no amulet) Stlth
                     h - +4 ring of slaying
HPRegen 0.24/turn    (no ring)
MPRegen 0.10/turn

%: no passive effects
@: confused, brilliant, attractive
A: sickness immunity, AC +3, negative energy resistance 1, electricity
resistance, torment resistance 1, petrification resistance
a: no special abilities


You were on level 3 of the Dungeon.
You visited 1 branch of the dungeon, and saw 4 of its levels.

You collected 106 gold pieces.

Inventory:

Hand Weapons
 c - a +0 mace
 q - a +0 rapier of venom (weapon)
Armour
 a - a +0 robe
 r - a +1 pair of gloves of strength (worn)
 s - a +3 ring mail (worn)
Jewellery
 h - a +4 ring of slaying (left hand)
Scrolls
 d - a scroll of enchant armour {unknown}
 e - a scroll of fog {unknown}
 j - 5 scrolls of identify {unknown}
 k - 3 scrolls of teleportation {unknown}
 m - a scroll of amnesia {unknown}
 n - 2 scrolls of noise {unknown}
 o - a scroll of fear {unknown}
 p - 2 scrolls of summoning {unknown}
 t - 3 scrolls of enchant weapon {unknown}
 v - a scroll of blinking {unknown}
Potions
 b - a potion of magic
 f - a potion of mutation {unknown}
 g - a potion of ambrosia {unknown}
 i - a potion of degeneration {unknown}
 l - a potion of attraction


   Skills:
 + Level 2.4 Fighting
 - Level 1.5 Dodging
 + Level 3.6 Stealth
 + Level 2.1 Spellcasting
 - Level 0.7 Transmutations
 + Level 4.7 Earth Magic


You had 3 spell levels left.
You knew the following spells:

 Your Spells              Type           Power      Damage    Failure   Level
a - Sandblast             Erth           56%        2d13      4%          1
b - Stone Arrow           Conj/Erth      30%        3d8       38%         3

Your spell library contained the following spells:

 Spells                   Type           Power      Damage    Failure   Level
 Passwall                 Tmut/Erth      14%        N/A       19%         2
 Blink                    Tloc           4%         N/A       50%         2
 Lesser Beckoning         Tloc           4%         N/A       50%         2
 Momentum Strike          Conj/Tloc      4%         3d8       50%         2
 Petrify                  Tmut/Erth      17%        N/A       75%         4


Dungeon Overview and Level Annotations

Branches:
Dungeon (4/15)
 Temple: D:4-7

Altars:
Hepliaklqana
Zin

Annotations:
D:3 Grinder


Innate Abilities, Weirdness & Mutations

You are immune to sickness and miasma.
Your stone body is resilient. (AC +3)
You are immune to poison.
You resist negative energy. (rN+)
You are resistant to electric shocks. (rElec)
You are resistant to unholy torment.
You are immune to petrification.


Message History

Grinder barely misses you.
Unknown command.
Something completely misses you.
There is a stone staircase leading up here.
Unknown command.
Something hits you but does no damage. Grinder hits you but does no damage.
You climb upwards.
Reactivating autopickup.
There is a stone staircase leading down here.
You puncture Grinder!
Grinder is lightly wounded.
You hear some strange, mumbled words.
Deactivating autopickup; reactivate with Ctrl-A.
You are confused.
Grinder hits you but does no damage.
It was a potion of attraction.
You feel attractive to monsters. Something hits you. Grinder misses you.
You miss Grinder.
Grinder is lightly wounded.
An orc wizard appears from thin air!
Reactivating autopickup.
The orc wizard gestures wildly while chanting.
The orc wizard flickers and vanishes!
Deactivating autopickup; reactivate with Ctrl-A.
Grinder gestures at you.
You suddenly lose the ability to move!
Something hits you but does no damage. Grinder gestures at you.
Pain shoots through your body! Grinder hits you but does no damage.
Something hits you but does no damage.
You can move again.
You bump into the rock wall.
Something hits you but does no damage. Grinder gestures at you.
Pain shoots through your body!
* * * LOW HITPOINT WARNING * * *
Unknown command.
It was a potion of brilliance.
You feel clever all of a sudden. Grinder hits you!
You die...

## .# .# .# ######### .##
#.......#
..############.#####.#
...............{@#<#.####
#.############.#5#.#)...#
).####### #.#.#.#.##.#
........# #.....####'###
.#.####.# ###.####8...8#
.#.#<##.##### #.# #.....#
.#....#.....# #.# #...###
.######.....# #.# #_..#A#
......'.....# #.# #######


You could see Grinder.

Vanquished Creatures
  A hound zombie (D:3)
  2 adders (D:2)
  An adder zombie (D:3)
  3 dart slugs
  9 orcs
  6 ball pythons
  5 endoplasms
  A giant cockroach (D:1)
  4 goblins
  4 hobgoblins
  4 kobolds
  A quokka (D:1)
  A ball python skeleton (D:3)
  A bat (D:2)
  10 frilled lizards
  A quokka skeleton (D:3)
  4 rats
58 creatures vanquished.

Notes
Turn   | Place    | Note
-------+----------+-------------------------------------------
     0 | D:1      | hikkokomori the Gargoyle Earth Elementalist began the quest
                  | for the Orb.
     0 | D:1      | Reached XP level 1. HP: 10/10 MP: 3/3
   220 | D:1      | Reached XP level 2. HP: 16/16 MP: 3/5
   310 | D:1      | Reached skill level 1 in Fighting
   344 | D:1      | Reached skill level 4 in Earth Magic
   802 | D:1      | Reached XP level 3. HP: 20/20 MP: 1/6
   811 | D:1      | Upgraded the game from 0.30.0-13-g156ef70053 to
                  | 0.30.0-15-g856e2d3f33
  1114 | D:2      | Found a faded altar of an unknown god.
  1400 | D:3      | Reached XP level 4. HP: 26/26 MP: 7/7
  1431 | D:3      | Learned a level 3 spell: Stone Arrow
  1643 | D:3      | Found a hazy altar of Hepliaklqana.
  1949 | D:3      | Found a glowing silver altar of Zin.
  1949 | D:3      | Noticed an angel
  1988 | D:4      | Noticed Grinder
  2002 | D:4      | Paralysed by Grinder for 2 turns
  2011 | D:3      | Paralysed by Grinder for 2 turns
  2014 | D:3      | Slain by Grinder

Illustrated notes

Levels and vault maps discovered:
D:1:      minmay_arrival_plants_in_alcoves, layout_basic, minmay_lizard_king
D:2:      layout_rooms, hellmonk_ecumenical_altar_blasted
D:3:      layout_basic, zin_angel, mainiacjoe_overflow_cross_hatched,
          serial_undead, serial_undead_b, serial_undead_f, serial_undead_a,
          serial_undead_b
D:4:      layout_rooms, bloody_makhleb, uniq_grinder, uniq_menkaure

Skill      XL: |  1  2  3 |
---------------+----------+-----
Fighting       | 1 2 |  2.4
Earth Magic    | 4 |  4.7
Stealth        | 3 |  3.6
Dodging        | |  1.5
Spellcasting   | |  2.1
Transmutations | |  0.7

Action                     |  1- 3 |  4- 6 || total
---------------------------+-------+-------++-------
  Melee: Unarmed           |    10 |       ||    10
         Mace              |     9 |       ||     9
         Rapier            |    19 |    70 ||    89
         Punch             |     1 |       ||     1
   Cast: Sandblast         |    35 |     1 ||    36
    Use: Potion            |       |     2 ||     2
   Stab: Sleeping          |     2 |     3 ||     5
 Armour: Robe              |    22 |     5 ||    27
         Ring mail         |       |    43 ||    43
  Dodge: Dodged            |    34 |    43 ||    77
